 Dungeon Crawl Stone Soup version 0.29-a0-676-ga64570c9d2 (webtiles) character file.

Game seed: 17198049683010622974

1 blackman the Sneak (level 1, -2/18 HPs)
             Began as a Human Delver on June 25, 2022.
             Slain by an orc
             ... wielding a +0 club
              (3 damage)
             ... on level 4 of the Dungeon.
             The game lasted 00:00:37 (71 turns).

blackman the Sneak (Human Delver)                     Turns: 71, Time: 00:00:37

Health: -2/18      AC:  3    Str: 12    XL:     1   Next: 22%
Magic:  1/1        EV: 12    Int: 10    God:
Gold:   0          SH:  0    Dex: 14    Spells: 0/0 levels left

rFire   . . .      SeeInvis .   a - +0 hand axe
rCold   . . .      Faith    .   (no shield)
rNeg    . . .      Spirit   .   b - +0 leather armour
rPois   .          Reflect  .   (no helmet)
rElec   .          Harm     .   (no cloak)
rCorr   .          Rampage  .   (no gloves)
Will    .....                   (no boots)
Stlth   +++.......              (no amulet)
HPRegen 0.06/turn               (no ring)
MPRegen 0.07/turn               (no ring)

@: no status effects
A: no striking features
a: no special abilities


You were on level 4 of the Dungeon.
You visited 1 branch of the dungeon, and saw 2 of its levels.

Inventory:

Hand Weapons
 a - a +0 hand axe (weapon)
Armour
 b - a +0 leather armour (worn)
Wands
 g - a wand of digging (3)
Scrolls
 c - a scroll of fog
Potions
 f - a potion of haste


   Skills:
 + Level 3.0 Fighting
 + Level 2.0 Axes
 + Level 2.0 Dodging
 + Level 5.0 Stealth


You couldn't memorise any spells.
You didn't know any spells.
Your spell library was empty.

Dungeon Overview and Level Annotations

Branches:
Dungeon (5/15)
 Temple: D:4-7

Altars:


Message History

An endoplasm comes into view.
The orc seems to regain its courage.
Cornered, the orc turns to fight!
Found a scroll of fog.
Found a stone staircase leading down.
Found a long sword.
The orc seems to regain its courage.
Really walk into that dispersal trap?
You enter a dispersal trap!
The orc blinks! x3; You blink.
Found a rapier.
The orc enters a dispersal trap!
The orc blinks! x2; You blink.
The orc blinks!
An endoplasm comes into view.
The endoplasm quivers.
Found a stone staircase leading up.
You barely miss the endoplasm. The endoplasm freezes you.
You are frozen.
You hit the endoplasm.
The endoplasm is lightly wounded.
You hit the orc. The orc completely misses you. The endoplasm hits you.
You hit the endoplasm.
The endoplasm is almost dead.
You closely miss the orc. The orc closely misses you.
The endoplasm freezes you.
You are frozen.
You hit the endoplasm but do no damage.
The endoplasm is almost dead.
You hit the orc but do no damage. The endoplasm freezes you.
You are frozen.
* * * LOW HITPOINT WARNING * * *
The orc closely misses you.
You hit the endoplasm.
You kill the endoplasm!
You hit the orc but do no damage. The orc hits you with a +0 club.
* * * LOW HITPOINT WARNING * * *
The orc hits you with a +0 club.
* * * LOW HITPOINT WARNING * * *
Found a leather armour.
There is a stone staircase leading up here.
The orc hits you with a +0 club.
You die...

#.....>..# #........#
#......?.##### ##
.............. ..
......^..## .
.........### .#
.......#...# #.#
###....#...# ##..#
.##........#####@.##
.####.......o.oo...#
.......#...#####.#.....
......###.## .....###
.......##.# ..####
..o........ #.##
............ .[
..........#.. ..
.......##.#


You could see 3 orcs.

Vanquished Creatures
  An endoplasm (D:4)
1 creature vanquished.

Notes
Turn   | Place    | Note
-------+----------+-------------------------------------------
     0 | D:5      | blackman the Human Delver began the quest for the Orb.
     0 | D:5      | Reached XP level 1. HP: 18/18 MP: 1/1
    34 | D:5      | Noticed an orc priest
    36 | D:4      | Noticed an orc wizard
    42 | D:4      | Noticed a hound
    71 | D:4      | Slain by an orc

Illustrated notes

Levels and vault maps discovered:
D:4:      layout_rooms, jmf_multi_god_temple2, temple_hall_moat,
          kennysheep_doodads, minmay_checkerbox
D:5:      layout_loops_cross, minmay_hedge_maze, kennysheep_generic_room_11

Action                   || total
-------------------------++-------
Melee: Hand axe          ||     5
  Use: Scroll            ||     3
Dodge: Dodged            ||     5

Table legend: (Time is in decaauts)
 A = Elapsed time spent in this place.
 B = Non-inter-level travel time spent in this place.
 C = Inter-level travel time spent in this place.
 D = Time resting spent in this place.
 E = Time spent auto-exploring this place.
 F = Levels seen in this place.
 G = Mean time per level.
                   A        B        C        D        E       F      G
               +--------+--------+--------+--------+--------+-----+--------+
         Total |     71 |     38 |     33 |      0 |      0 |   2 |   35.5 |
       Dungeon |     71 |     38 |     33 |      0 |      0 |   2 |   35.5 |
               +--------+--------+--------+--------+--------+-----+--------+

Top non-repeatable levels by time:
     D:5: 36 daAuts
     D:4: 35 daAuts
